 Dungeon Crawl Stone Soup version 0.29-a0-221-gceb61267dd (webtiles) character file.

Game seed: 10415217213388943130

298 drugrobin the Chopper (level 5, -3/42 HPs)
             Began as a Demigod Fighter on Feb 27, 2022.
             Slain by an ogre
             ... wielding a +0 giant spiked club
              (17 damage)
             ... on level 3 of the Dungeon.
             The game lasted 00:09:11 (5562 turns).

drugrobin the Chopper (Demigod Fighter)             Turns: 5562, Time: 00:09:12

Health: -3/42      AC:  8    Str: 21    XL:     5   Next: 88%
Magic:  7/7        EV:  7    Int: 10    God:
Gold:   230        SH:  4    Dex: 13    Spells: 4/4 levels left

rFire   . . .      SeeInvis .   a - +0 war axe
rCold   . . .      Faith    .   c - +0 buckler
rNeg    . . .      Spirit   .   r - +0 chain mail
rPois   .          Reflect  .   (no helmet)
rElec   .          Harm     .   (no cloak)
rCorr   .          Rampage  .   (no gloves)
Will    .....                   (no boots)
Stlth   ..........              (no amulet)
HPRegen 0.14/turn               (no ring)
MPRegen 0.10/turn               (no ring)

@: no status effects
A: high MP 1, forlorn, divine attributes
a: no special abilities


You were on level 3 of the Dungeon.
You visited 1 branch of the dungeon, and saw 4 of its levels.

You collected 230 gold pieces.

Inventory:

Hand Weapons
 a - a +0 war axe (weapon)
 b - a +0 hunting sling
 t - the +1 mace of the Wolf {vorpal, Fly rPois Str+2}
   (You found it on level 4 of the Dungeon)

   It inflicts extra damage upon your enemies.
   Str:       It affects your strength (+2).
   rPois:     It protects you from poison.
   Fly:       It grants you flight.
Missiles
 h - 226 stones
 p - 6 javelins
 q - 15 poisoned darts
 s - 5 boomerangs (quivered)
Armour
 c - a +0 buckler (worn)
 i - a +0 scale mail
 r - a +0 chain mail (worn)
Wands
 o - a wand of charming (8)
 v - a wand of flame (18)
Scrolls
 e - a scroll of teleportation {unknown}
 g - 2 scrolls of enchant armour {unknown}
 k - a scroll of fear {unknown}
 l - 2 scrolls of magic mapping {unknown}
 n - a scroll of identify {unknown}
Potions
 d - a potion of might
 f - 2 potions of haste {unknown}
 j - a potion of invisibility {unknown}
 m - a potion of flight {unknown}
 u - a potion of curing {unknown}


   Skills:
 - Level 2.6 Fighting
 + Level 5.9 Axes
 - Level 2.6 Armour
 - Level 2.6 Shields


You had 4 spell levels left.
You didn't know any spells.
Your spell library contained the following spells:

 Spells                   Type           Power      Damage    Failure   Level
 Confusing Touch          Hex            0%         N/A       100%        3
 Fireball                 Conj/Fire      0%         3d3       100%        5
 Yara's Violent Unravell  Hex/Tmut       0%         3d3       100%        5
 Starburst                Conj/Fire      0%         6d3       100%        6
 Enfeeble                 Hex            0%         N/A       100%        7
 Ignition                 Fire           0%         3d3       100%        8


Dungeon Overview and Level Annotations

Branches:
Dungeon (4/15)
 Temple: D:4-7

Shops:
D:1 [

Annotations:
D:4 1 runed translucent door, 14MN0B0DY's ghost, amateur MiFi


Innate Abilities, Weirdness & Mutations

You have an increased reservoir of magic. (+10% MP)
You shall have no god before yourself.
Your divine heritage dramatically boosts your attributes as you level up.


Message History

Something tries to affect you, but you resist.
You hit something. Something hits you but does no damage.
You miss something.
You hear some strange, mumbled words.
A magic dart appears from out of thin air!
The magic dart hits you.
You slash something!
Reactivating autopickup.
You feel a bit more experienced.
Things that are here:
a +0 dagger; a +0 robe; an orc corpse An endoplasm is nearby!
An endoplasm is nearby!
The endoplasm hits you but does no damage.
You hit the endoplasm.
You kill the endoplasm!
The ogre shouts!
There is an open door here.
An ogre is nearby!
There is an open door here.
Things that are here:
a +0 dagger; a +0 robe; an orc corpse
Okay, then.
The ogre hits you with a +0 giant spiked club!
There is an open door here.
There is an open door here.
There is an open door here.
The adder hisses angrily.
There is an open door here. 14MN0B0DY's ghost turns its malevolent gaze towards you.
There is an open door here.
There is a stone staircase leading up, spattered with blood here.
The ogre hits you with a +0 giant spiked club!!
Ouch! That really hurt!
You climb upwards.
There is a stone staircase leading down here.
Okay, then.
You block the ogre's attack.
The ogre hits you with a +0 giant spiked club!
You die...

#.8.##.........#.#
#..#.#_####
##'####.....##...#
#.#.##.##..
.........._.###..#
#.###...#.#
.....###........>#
#.###...### ####.#
#########.###
#..#.....# ####.#
#.....# ####.....##
..##.# ###.....#
###....8.... #.##.#
#.>..OO.###......#....
#.##.#
#.#..@###_.....8###8..
.....####
#.#.....###......#....
#.##....#
#.##...######....8....
#.#####.#
#.##.#.....####.....##
#.# #.# #.##...#####
#.....# #.# #.#
#.###### ##...## #.#
#.# #.# #...# #.# #.#
#.# ##.## #.# #.# #.#
#_#


You could see 2 ogres.

Vanquished Creatures
  A black bear (D:3)
  A hound (D:4)
  An iguana (D:3)
  An orc wizard (D:4)
  5 adders
  3 dart slugs
  3 orcs
  3 ball pythons
  4 bats
  10 endoplasms
  6 giant cockroaches
  4 goblins
  6 hobgoblins
  8 jackals
  4 quokkas
  5 frilled lizards
  6 kobolds
  8 rats
79 creatures vanquished.

Notes
Turn   | Place    | Note
-------+----------+-------------------------------------------
     0 | D:1      | drugrobin the Demigod Fighter began the quest for the Orb.
     0 | D:1      | Reached XP level 1. HP: 18/18 MP: 3/3
    53 | D:1      | Found Sadiw's Armour Shoppe.
    72 | D:1      | Reached skill level 2 in Axes
   332 | D:1      | Reached XP level 2. HP: 23/25 MP: 4/4
   604 | D:1      | Reached skill level 3 in Axes
  1329 | D:2      | Reached XP level 3. HP: 29/30 MP: 5/5
  2043 | D:2      | Reached skill level 4 in Axes
  2246 | D:2      | Reached XP level 4. HP: 37/37 MP: 6/6
  2409 | D:3      | Noticed a sky beast
  3456 | D:4      | Found a runed translucent door.
  3540 | D:4      | Identified the +1 mace of the Wolf {vorpal, Fly rPois
                  | Str+2}
  3550 | D:4      | Noticed 14MN0B0DY's ghost (amateur MiFi)
  4959 | D:4      | Reached skill level 5 in Axes
  4959 | D:4      | Reached XP level 5. HP: 38/42 MP: 7/7
  5216 | D:4      | Noticed an ogre
  5217 | D:4      | Noticed a black bear
  5267 | D:3      | Killed a black bear
  5318 | D:4      | Noticed an ogre
  5562 | D:3      | Slain by an ogre

Illustrated notes

Levels and vault maps discovered:
D:1:      amcnicky_arrival_feature_with_door, layout_basic, serial_shops, shop,
          nicolae_ecumenical_lake_church
D:2:      layout_loops_corners
D:3:      layout_loops_ring, xom_butterflies, minmay_overflow_temple_star_quad,
          minmay_misc_feat_more_columns, grunt_decor_arrowhead
D:4:      minmay_recursive_quarters, layout_gridville, ebering_ghost_sewer_d,
          hangedman_feature_mirror, eino_curves_01

Skill      XL: |  1  2  3  4 |
---------------+-------------+-----
Axes           | 2 3 4 5 |  5.9
Fighting       | |  2.6
Armour         | |  2.6
Shields        | |  2.6

Action                   |  1- 3 |  4- 6 || total
-------------------------+-------+-------++-------
Melee: War axe           |   126 |    76 ||   202
       Mace              |       |    42 ||    42
 Fire: Hunting sling     |     1 |     1 ||     2
Throw: Stone             |     7 |       ||     7
       Boomerang         |       |     5 ||     5
       Dart              |       |     1 ||     1
Armor: Scale mail        |    68 |    22 ||    90
       Chain mail        |       |    40 ||    40
Dodge: Dodged            |    48 |    41 ||    89
Block: Buckler           |    32 |    32 ||    64

Table legend: (Time is in decaauts)
 A = Elapsed time spent in this place.
 B = Non-inter-level travel time spent in this place.
 C = Inter-level travel time spent in this place.
 D = Time resting spent in this place.
 E = Time spent auto-exploring this place.
 F = Levels seen in this place.
 G = Mean time per level.
                   A        B        C        D        E       F      G
               +--------+--------+--------+--------+--------+-----+--------+
         Total |   5657 |   5465 |    192 |   1353 |   2796 |   4 | 1414.2 |
       Dungeon |   5657 |   5465 |    192 |   1353 |   2796 |   4 | 1414.2 |
               +--------+--------+--------+--------+--------+-----+--------+

Top non-repeatable levels by time:
     D:3: 1733 daAuts
     D:2: 1432 daAuts
     D:4: 1250 daAuts
     D:1: 1239 daAuts
